 Dungeon Crawl Stone Soup version 0.29-a0-234-g0dae59b3db (webtiles) character file.

Game seed: 17869423576916726187

13782 pokeman the Eclecticist (level 11, -6/61 HPs)
             Began as a Deep Elf Hedge Wizard on Mar 3, 2022.
             Was an Elder of Vehumet.
             Mangled by a boulder beetle (47 damage)
             ... on level 10 of the Dungeon on Mar 4, 2022.
             The game lasted 00:53:47 (16977 turns).

pokeman the Eclecticist (Deep Elf Hedge Wizard)    Turns: 16977, Time: 00:53:48

Health: -6/61      AC: 16    Str:  7    XL:     11   Next: 80%
Magic:  21/42      EV: 13    Int: 28    God:    Vehumet [****..]
Gold:   293        SH:  0    Dex: 14    Spells: 27/42 levels left

rFire   . . .      SeeInvis .   C - +8 scythe "Wilufey" {vorpal, Int+4}
rCold   . . .      Faith    .   (shield currently unavailable)
rNeg    . . .      Spirit   .   Q - +0 steam dragon scales
rPois   +          Reflect  .   R - +0 helmet
rElec   .          Harm     .   N - +2 cloak {rPois}
rCorr   .          Rampage  .   O - +1 pair of gloves {hurl}
Will    +....                   (no boots)
Stlth   ++........              (no amulet)
HPRegen 0.20/turn               n - +4 ring of protection
MPRegen 0.28/turn               L - ring of magical power

@: no status effects
A: no striking features
a: Renounce Religion


You were on level 10 of the Dungeon.
You worshipped Vehumet.
Vehumet was greatly pleased with you.
You visited 2 branches of the dungeon, and saw 11 of its levels.
You also visited: Ossuary and Bailey.

You collected 701 gold pieces.
You spent 408 gold pieces at shops.

Inventory:

Hand Weapons
 b - a +1 shortbow of freezing
 C - the +8 scythe "Wilufey" (weapon) {vorpal, Int+4}
   (You found it on level 5 of the Dungeon)

   It inflicts extra damage upon your enemies.
   Int:       It affects your intelligence (+4).
Missiles
 I - 2 throwing nets
Armour
 A - +0 acid dragon scales
 K - +0 swamp dragon scales
 N - a +2 cloak of poison resistance (worn)
 O - a +1 pair of gloves of hurling (worn)
 Q - +0 steam dragon scales (worn)
 R - a +0 helmet (worn)
 T - a +2 buckler
Magical Staves
 B - a staff of poison
 E - a staff of death
Jewellery
 c - a ring of flight
 e - a ring of protection from cold
 n - a +4 ring of protection (left hand)
 G - a ring of willpower
 L - a ring of magical power (right hand)
Wands
 h - a wand of paralysis (4)
 z - a wand of mindburst (14)
 J - a wand of flame (9)
 P - a wand of charming (4)
Scrolls
 d - 8 scrolls of teleportation
 g - a scroll of immolation
 j - 2 scrolls of enchant weapon
 k - 2 scrolls of acquirement
 o - 2 scrolls of holy word
 r - 4 scrolls of silence
 t - 2 scrolls of blinking
 u - a scroll of magic mapping
 v - a scroll of torment {unknown}
 w - a scroll of brand weapon {unknown}
 y - 3 scrolls of fog {unknown}
 D - 2 scrolls of vulnerability {unknown}
 H - 2 scrolls of fear
 V - a scroll of enchant armour
Potions
 f - 4 potions of heal wounds
 i - 7 potions of curing
 l - 3 potions of haste
 m - a potion of magic {unknown}
 p - 2 potions of flight
 q - a potion of lignification {unknown}
 x - 2 potions of invisibility {unknown}
 F - a potion of mutation {unknown}
 M - a potion of might
 S - a potion of degeneration {unknown}
 U - a potion of attraction {unknown}
Miscellaneous
 a - a box of beasts


   Skills:
 - Level 4.0 Fighting
 - Level 5.0 Armour
 - Level 3.2 Dodging
 - Level 3.0 Stealth
 + Level 1.7 Shields
 * Level 16.0 Spellcasting
 + Level 9.4 Conjurations
 - Level 1.1 Summonings
 - Level 1.0 Necromancy
 - Level 1.1 Translocations
 + Level 8.9 Fire Magic
 - Level 1.0 Air Magic
 - Level 1.2 Poison Magic
 - Level 1.2 Evocations


You had 27 spell levels left.
You knew the following spells:

 Your Spells              Type           Power      Damage    Failure   Level
a - Magic Dart            Conj           100%       1d8       1%          1
b - Mephitic Cloud        Conj/Pois/Air  44%        N/A       1%          3
c - Call Imp              Summ           28%        N/A       1%          2
d - Blink                 Tloc           56%        N/A       1%          2
e - Conjure Flame         Conj/Fire      65%        6-21      1%          3
f - Foxfire               Conj/Fire      100%       2x1d9     1%          1
g - Swiftness             Air            28%        N/A       4%          3

Your spell library contained the following spells:

 Spells                   Type           Power      Damage    Failure   Level
 Olgreb's Toxic Radiance  Pois           29%        N/A       3%          4
 Animate Skeleton         Necr           56%        N/A       1%          1
 Apportation              Tloc           56%        N/A       1%          1
 Pain                     Necr           100%       1d9       1%          1
 Shock                    Conj/Air       100%       1d9       1%          1
 Summon Small Mammal      Summ           100%       N/A       1%          1
 Dazzling Flash           Conj/Hex       98%        N/A       1%          3
 Slow                     Hex            88%        N/A       2%          1
 Call Canine Familiar     Summ           28%        N/A       4%          3
 Gell's Gravitas          Tloc           28%        N/A       4%          3
 Lesser Beckoning         Tloc           28%        N/A       4%          3
 Teleport Other           Tloc           28%        N/A       4%          3
 Vampiric Draining        Necr           28%        2d8       4%          3
 Airstrike                Air            14%        N/A       4%          4
 Portal Projectile        Hex/Tloc       50%        N/A       5%          3
 Ozocubu's Armour         Ice            22%        N/A       6%          3
 Tukima's Dance           Hex            22%        N/A       6%          3
 Anguish                  Hex/Necr       12%        N/A       17%         4
 Leda's Liquefaction      Hex/Erth       11%        N/A       22%         4
 Petrify                  Tmut/Erth      22%        N/A       22%         4
 Agony                    Necr           28%        N/A       36%         5
 Silence                  Hex/Air        12%        N/A       43%         5
 Metabolic Englaciation   Hex/Ice        11%        N/A       52%         5
 Dispersal                Tloc           14%        N/A       91%         6
 Statue Form              Tmut/Erth      14%        N/A       97%         6
 Ozocubu's Refrigeration  Ice            11%        4d7       98%         7
 Enfeeble                 Hex            11%        N/A       100%        7
 Chain Lightning          Conj/Air       25%        3d34      100%        9
 Fire Storm               Conj/Fire      32%        8d8       100%        9
 Shatter                  Erth           11%        3d12*     100%        9


Dungeon Overview and Level Annotations

Branches:
Dungeon (10/15)            Temple (1/1) D:5             Orc (0/2) D:10
Ossuary (visited)          Bailey (visited)
   Lair: D:8-11

Altars:
Ashenzari
Cheibriados
Dithmenos
Elyvilon
Fedhas
Gozag
Hepliaklqana
Kikubaaqudgha
Makhleb
Nemelex Xobeh
Okawaru
Qazlal
Ru
Sif Muna
Trog
Uskayaw
Vehumet
Wu Jian
Xom
Yredelemnul
Zin
The Shining One
Lugonu

Shops:
D:2 =   D:10 ?

Portals:
Abyss: D:4

Annotations:
D:5 2 runed translucent doors
D:6 Scrolls behind grate


Message History

The boulder beetle is engulfed in blazing flames.
The boulder beetle stops rolling and uncurls.
Casting: Blink (safe; 1% risk of failure)
Confirm with . or Enter, or press ? or * to list all spells.
The fire begins to smoulder!
The fire ignites!
Casting: Conjure Flame (safe; 1% risk of failure)
Confirm with . or Enter, or press ? or * to list all spells.
The fire begins to smoulder!
The boulder beetle seems less confused.
The boulder beetle leaps!
The boulder beetle smothers the flame.
Casting: Conjure Flame (safe; 1% risk of failure)
Confirm with . or Enter, or press ? or * to list all spells.
Aiming: Mephitic Cloud (safe; 1% risk of failure)
Press: ? - help, Shift-Dir - straight line, f/p - boulder beetle
Aim: a boulder beetle (heavily wounded, chance to affect: 43%)
The ball explodes into a vile cloud!
The stinking cloud engulfs the boulder beetle but does no damage.
The boulder beetle is heavily wounded.
The stinking cloud engulfs you but does no damage.
The boulder beetle is engulfed in noxious fumes.
The boulder beetle leaps!
Unknown command.
Casting: Mephitic Cloud (safe; 1% risk of failure)
Confirm with . or Enter, or press ? or * to list all spells.
The fire begins to smoulder!
The boulder beetle curls into a ball and begins rolling!
The fire ignites!
Casting: Conjure Flame (safe; 1% risk of failure)
Confirm with . or Enter, or press ? or * to list all spells.
The fire begins to smoulder!
The fire ignites!
Casting: Conjure Flame (safe; 1% risk of failure)
Confirm with . or Enter, or press ? or * to list all spells.
The fire begins to smoulder!
You hit the boulder beetle but do no damage.
The boulder beetle is moderately wounded.
The boulder beetle is engulfed in blazing flames.
The boulder beetle hits you!!!
Ouch! That really hurt!
You die...

#.# # #.# #
#.# # #####.#
#
#####...B.###
#
#.°○J...C...#
#
#§###.#####.#
#. #B# #.#
#.## #.# #@#
#.# #.#†####
#.# #..
..###..# #
#.# ######
#.#C# # #.#
#.##J# #.# #
#.##.## #..
...?#...##
###
.........e.
..####N####
(. ...


You could see a boulder beetle (rolling).

Vanquished Creatures
  Harold (D:7)
  2 centaur warriors (D:10)
  2 two-headed ogres
  Pikel (D:7)
  A wizard (D:10)
  A deep elf pyromancer (D:10)
  A cyclops (D:8)
  A gargoyle (Bailey)
  Maggie (D:7)
  An unseen horror (D:8)
  2 trolls
  6 yaks
  A basilisk (D:10)
  2 vampires
  2 wraiths (D:10)
  A wyvern (D:8)
  2 steam dragons
  A vampire mosquito (D:10)
  A warg (D:10)
  A floating eye (shapeshifter) (D:10)
  2 acid dragons
  4 water moccasins
  3 orc warriors
  2 sky beasts
  Pargi (D:3)
  2 black bears
  3 ice beasts
  5 ogres
  A centaur (D:5)
  A phantom (D:6)
  A kobold brigand (D:8)
  2 necrophages (D:5)
  2 scorpions (D:6)
  An elf zombie (Ossuary)
  A bullfrog (D:8)
  A gnoll sergeant (D:6)
  11 wights
  8 killer bees
  3 howler monkeys
  7 vampire bats (Bailey)
  5 wolf zombies (Bailey)
  A crimson imp (D:6)
  A centaur zombie (Ossuary)
  2 hounds
  6 orc priests
  A jelly (D:8)
  2 gnoll shamans
  4 iguanas
  6 orc wizards
  3 mummies
  14 gnolls
  12 adders
  3 shadow imps
  3 white imps (D:6)
  3 adder zombies (Ossuary)
  4 dart slugs
  38 orcs
  5 ball pythons
  6 bats
  10 endoplasms
  5 giant cockroaches
  9 goblins
  9 hobgoblins
  3 jackals (D:1)
  2 quokkas
  2 frilled lizards
  A goblin zombie (Ossuary)
  13 hobgoblin zombies (Ossuary)
  A jackal zombie (Ossuary)
  6 kobolds
  7 kobold zombies (Ossuary)
  31 orc zombies
  22 rats
  3 rat zombies (Ossuary)
  A lurking horror (D:4)
336 creatures vanquished.

Vanquished Creatures (collateral kills)
  A killer bee (D:8)
  A gnoll shaman (D:8)
  An orc wizard (D:3)
  An orc (D:10)
4 creatures vanquished.

Vanquished Creatures (others)
  558 foxfires
558 creatures vanquished.

Grand Total: 898 creatures vanquished

Notes
Turn   | Place    | Note
-------+----------+-------------------------------------------
     0 | D:1      | pokeman the Deep Elf Hedge Wizard began the quest for the
                  | Orb.
     0 | D:1      | Reached XP level 1. HP: 10/10 MP: 7/7
   248 | D:1      | Reached XP level 2. HP: 16/16 MP: 6/9
   891 | D:1      | Reached skill level 5 in Spellcasting
  1162 | D:1      | Reached XP level 3. HP: 20/20 MP: 3/11
  1166 | D:1      | Learned a level 3 spell: Mephitic Cloud
  1169 | D:1      | Learned a level 2 spell: Call Imp
  1172 | D:1      | Learned a level 2 spell: Blink
  1176 | D:1      | Learned a level 3 spell: Conjure Flame
  1634 | D:2      | Reached skill level 1 in Fighting
  1634 | D:2      | Reached skill level 1 in Armour
  1835 | D:2      | Found Kurphaoce's Jewellery Shoppe.
  1977 | D:2      | Reached XP level 4. HP: 16/25 MP: 7/13
  2713 | D:3      | Reached skill level 1 in Fire Magic
  2850 | D:3      | Noticed Pargi
  3130 | D:3      | Found a hazy altar of Hepliaklqana.
  3170 | D:3      | Noticed a black bear
  3180 | D:3      | Killed a black bear
  3181 | D:3      | Reached skill level 6 in Spellcasting
  3181 | D:3      | Reached skill level 1 in Air Magic
  3181 | D:3      | Reached XP level 5. HP: 20/29 MP: 11/15
  3461 | D:3      | Found a faded altar of an unknown god.
  3874 | D:3      | Killed Pargi
  3875 | D:3      | Reached skill level 1 in Poison Magic
  3875 | D:3      | Reached XP level 6. HP: 34/34 MP: 10/17
  3897 | D:3      | Reached skill level 7 in Spellcasting
  4255 | D:4      | Found a one-way gate to the infinite horrors of the Abyss.
  4256 | D:4      | Found a corrupted altar of Lugonu.
  4364 | D:4      | Found a sand-covered staircase.
  4400 | Ossuary  | Entered an ossuary
  4899 | Ossuary  | Reached XP level 7. HP: 34/38 MP: 14/20
  5413 | D:4      | Found a hide-covered altar of Uskayaw.
  5415 | D:4      | Found a sparkling altar of Nemelex Xobeh.
  5419 | D:4      | Found a blossoming altar of Fedhas.
  5820 | D:5      | Entered Level 5 of the Dungeon
  5950 | D:5      | Reached skill level 8 in Spellcasting
  5970 | D:5      | Reached skill level 1 in Evocations
  6143 | D:5      | Identified the +0 leather armour of Wasted Space {MP-9
                  | Str+3 Dex+2}
  6337 | D:5      | Found a staircase to the Ecumenical Temple.
  6346 | Temple   | Entered the Ecumenical Temple
  6457 | Temple   | Became a worshipper of Vehumet
  6545 | D:5      | Found a large runed translucent door.
  6546 | D:5      | Found a large runed translucent door.
  6643 | D:5      | Found a large runed translucent door.
  6644 | D:5      | Found a large runed translucent door.
  6677 | D:5      | Reached XP level 8. HP: 44/44 MP: 5/22
  6896 | D:5      | Reached skill level 9 in Spellcasting
  7154 | D:5      | Reached skill level 5 in Conjurations
  7399 | D:5      | Identified the +8 scythe "Wilufey" {vorpal, Int+4}
  7487 | D:6      | Found a radiant altar of Vehumet.
  7487 | D:6      | Noticed a two-headed ogre
  7499 | D:6      | Killed a two-headed ogre
  7500 | D:6      | Reached skill level 10 in Spellcasting
  7500 | D:6      | Reached XP level 9. HP: 48/48 MP: 15/25
  7796 | D:6      | Reached skill level 11 in Spellcasting
  7796 | D:6      | Reached skill level 5 in Fire Magic
  8204 | D:6      | Found a glowing silver altar of Zin.
  8792 | D:6      | Found a shimmering altar of Xom.
  8806 | D:6      | Reached * piety under Vehumet
  8806 | D:6      | Offered knowledge of Foxfire by Vehumet.
  8809 | D:6      | Learned a level 1 spell: Foxfire
  9236 | D:7      | Reached skill level 1 in Necromancy
  9351 | D:7      | Noticed a two-headed ogre
  9366 | D:7      | Killed a two-headed ogre
  9367 | D:7      | Reached skill level 12 in Spellcasting
  9752 | D:7      | Noticed Harold
  9994 | D:7      | Killed Harold
  9995 | D:7      | Reached XP level 10. HP: 56/56 MP: 16/28
 10348 | D:7      | Noticed Maggie
 10701 | D:7      | Noticed Pikel
 10708 | D:7      | Killed Pikel
 10709 | D:7      | Reached skill level 13 in Spellcasting
 11492 | D:7      | Killed Maggie
 11696 | D:8      | Found a flagged portal.
 11713 | Bailey   | Entered a bailey
 12202 | Bailey   | Offered knowledge of Shock by Vehumet.
 12243 | Bailey   | Reached ** piety under Vehumet
 12411 | Bailey   | Noticed a gargoyle
 12422 | Bailey   | Killed a gargoyle
 12693 | Bailey   | Offered knowledge of Static Discharge by Vehumet.
 13088 | D:8      | Reached skill level 14 in Spellcasting
 13089 | D:8      | Reached *** piety under Vehumet
 13236 | D:8      | Noticed a cyclops
 13249 | D:8      | Killed a cyclops
 13404 | D:8      | Offered knowledge of Inner Flame by Vehumet.
 13432 | D:8      | Reached XP level 11. HP: 49/61 MP: 31/31
 14650 | D:9      | Found a bloodstained altar of Trog.
 14968 | D:9      | Learned a level 3 spell: Swiftness
 15269 | D:10     | Entered Level 10 of the Dungeon
 15331 | D:10     | Reached **** piety under Vehumet
 15363 | D:10     | Reached skill level 15 in Spellcasting
 15431 | D:10     | Found Funaotz's Magic Scroll Shoppe.
 15493 | D:10     | Offered knowledge of Olgreb's Toxic Radiance by Vehumet.
 15512 | D:10     | Bought a scroll of identify for 32 gold pieces
 15512 | D:10     | Bought a scroll of teleportation for 48 gold pieces
 15512 | D:10     | Bought a scroll of blinking for 120 gold pieces
 15512 | D:10     | Bought a scroll of identify for 32 gold pieces
 15512 | D:10     | Bought a scroll of fear for 56 gold pieces
 15512 | D:10     | Bought a scroll of enchant armour for 120 gold pieces
 15514 | D:10     | Identified 2 scrolls of acquirement
 15745 | D:10     | Found a staircase to the Orcish Mines.
 16092 | D:10     | Noticed a wizard
 16092 | D:10     | Noticed a centaur warrior
 16101 | D:10     | Killed a centaur warrior
 16102 | D:10     | Noticed a centaur warrior
 16108 | D:10     | Reached skill level 5 in Armour
 16110 | D:10     | Noticed a boulder beetle
 16111 | D:10     | Killed a centaur warrior
 16119 | D:10     | Noticed a deep elf pyromancer
 16121 | D:10     | Noticed a wizard
 16525 | D:10     | Noticed a deep troll
 16525 | D:10     | a moth of wrath changed into a deep troll
 16529 | D:10     | a deep troll changed into a floating eye
 16531 | D:10     | Reached skill level 1 in Shields
 16550 | D:10     | Killed a wizard
 16845 | D:10     | Killed a deep elf pyromancer
 16846 | D:10     | Reached skill level 16 in Spellcasting
 16977 | D:10     | Mangled by a boulder beetle

Illustrated notes

Levels and vault maps discovered:
D:1:      lightli_molten_gateway, layout_loops_ring
D:2:      layout_rooms, serial_shops, nicolae_shop_statue_plus,
          grunt_decor_clamped, grunt_ministairs_2
D:3:      layout_rooms, mainiacjoe_overflow_cross_hatched,
          shapermc_ecumenical_altar_mp_vishouse, chequers_serial_rivers_marsh,
          minmay_rat_hole, uniq_pargi
D:4:      nicolae_cairo_tiling_very_big, layout_loops_corners,
          nicolae_overflow_hidden_temple, gup_ossuary_entry_pyramid,
          amcnicky_altar_lugonu_corruption
D:5:      layout_cave_pools, minmay_temple_entry_crystal_x, chequers_jeans,
          minmay_hollow_rounded_squares
D:6:      layout_basic, zin_scriptorium, hangedman_feature_mirror,
          minmay_fire_ice_demons
D:7:      layout_layer_cave, uniq_pikel, uniq_maggie, uniq_harold
D:8:      layout_basic, enter_bailey_4, minmay_alternating_orb
D:9:      layout_basic, mainiacjoe_overflow_tiny_flanked,
          hangedman_decor_diamond_cutter
D:10:     layout_loops_ring, erik_orc_3, serial_shops, nicolae_shop_statue_plus,
          minivault_28
Temple:   eino_temple_scatter_basement

Skill      XL: |  1  2  3  4  5  6  7  8  9 10 11 |
---------------+----------------------------------+-----
Spellcasting   | 5 6 7 8 10 12 14 16 | 16.0
Fighting       | 1 2 3 4 |  4.0
Armour         | 1 3 4 5 |  5.0
Conjurations   | 2 3 4 5 7 8 9 |  9.4
Fire Magic     | 1 3 4 6 7 8 |  8.9
Dodging        | 3 |  3.2
Air Magic      | 1 |  1.0
Stealth        | 3 |  3.0
Poison Magic   | 1 |  1.2
Evocations     | 1 |  1.2
Necromancy     | 1 |  1.0
Shields        | 1 |  1.7
Summonings     | |  1.1
Translocations | |  1.1

Action                   |  1- 3 |  4- 6 |  7- 9 | 10-12 || total
-------------------------+-------+-------+-------+-------++-------
Melee: Dagger            |    10 |    77 |    14 |       ||   101
       Punch             |     1 |       |       |       ||     1
       Scythe            |       |       |    40 |   129 ||   169
 Fire: Shortbow          |       |       |    14 |       ||    14
 Cast: Magic Dart        |   119 |   145 |   222 |    14 ||   500
       Conjure Flame     |       |    13 |    20 |    62 ||    95
       Mephitic Cloud    |       |     6 |    21 |    38 ||    65
       Call Imp          |       |     4 |     3 |     8 ||    15
       Blink             |       |       |     8 |    11 ||    19
       Foxfire           |       |       |       |   333 ||   333
  Use: Scroll            |       |       |       |    11 ||    11
       Potion            |       |       |       |     1 ||     1
 Stab: Confused          |       |     2 |     5 |     5 ||    12
Armor: Robe              |     4 |    29 |     8 |       ||    41
       Leather armour    |       |       |    16 |    48 ||    64
       Steam dragon scal |       |       |       |    50 ||    50
Dodge: Dodged            |    22 |    59 |    61 |   132 ||   274

Table legend: (Time is in decaauts)
 A = Elapsed time spent in this place.
 B = Non-inter-level travel time spent in this place.
 C = Inter-level travel time spent in this place.
 D = Time resting spent in this place.
 E = Time spent auto-exploring this place.
 F = Levels seen in this place.
 G = Mean time per level.
                   A        B        C        D        E       F      G
               +--------+--------+--------+--------+--------+-----+--------+
         Total |  17169 |  16820 |    349 |   1905 |  11210 |  13 | 1320.7 |
       Dungeon |  15277 |  14940 |    337 |   1590 |  10349 |  10 | 1527.7 |
        Temple |    124 |    112 |     12 |      0 |     85 |   1 |  124.0 |
       Ossuary |    639 |    639 |      0 |     77 |    254 |   1 |  639.0 |
        Bailey |   1126 |   1126 |      0 |    238 |    522 |   1 | 1126.0 |
               +--------+--------+--------+--------+--------+-----+--------+

Top non-repeatable levels by time:
     D:6: 2107 daAuts
     D:7: 2078 daAuts
    D:10: 1620 daAuts
     D:8: 1608 daAuts
     D:2: 1587 daAuts
     D:5: 1462 daAuts
     D:1: 1451 daAuts
     D:3: 1209 daAuts
     D:9: 1131 daAuts
  Bailey: 1126 daAuts
     D:4: 1020 daAuts
 Ossuary: 639 daAuts
  Temple: 124 daAuts
